 Dungeon Crawl Stone Soup version 0.24.0-13-gcf9b3192b9 (webtiles) character file.

Game seed: 9910961418592590497, levelgen mode: deterministic

77 Dwingvatt99 the Grasshopper (level 4, -2/40 HPs)
             Began as a Naga Warper on Nov 7, 2019.
             Slain by Sigmund
             ... wielding a +0 scythe
              (13 damage)
             ... on level 2 of the Dungeon.
             The game lasted 00:04:42 (2421 turns).

Dwingvatt99 the Grasshopper (Naga Warper)           Turns: 2421, Time: 00:04:42

Health: -2/40      AC:  2    Str: 15    XL:     4   Next: 33%
Magic:  7/7        EV:  9    Int: 18    God:
Gold:   76         SH:  0    Dex: 10    Spells: 7/7 levels left

rFire    . . .     SeeInvis +   a - +0 mace
rCold    . . .     Gourm    .   (no shield)
rNeg     . . .     Faith    .   b - +0 leather armour
rPois    +         Spirit   .   (no helmet)
rElec    .         Reflect  .   (no cloak)
rCorr    .         Harm     .   (no gloves)
MR       .....                  (no barding)
Stlth    ++........             (no amulet)
HPRegen  0.13/turn              (no ring)
MPRegen  0.10/turn              (no ring)

@: brilliant, very slow
A: large, see invisible, deformed body, poison resistance, slowness 2, slow
metabolism 1, spit poison 1, AC +1
a: Spit Poison


You were on level 2 of the Dungeon.
You were hungry.

You visited 1 branch of the dungeon, and saw 2 of its levels.

You collected 76 gold pieces.

Inventory:

Hand Weapons
 a - a +0 mace (weapon)
Missiles
 f - 3 boomerangs of dispersal (quivered) {!f!f}
Armour
 b - a +0 leather armour (worn)
Scrolls
 d - a scroll of blinking
 h - 3 scrolls of identify {unknown}
 i - a scroll of amnesia {unknown}
 j - 2 scrolls of noise {unknown}
 k - 3 scrolls of remove curse {unknown}
Potions
 c - a potion of brilliance
 g - a potion of resistance
Comestibles
 e - 6 rations {!d!d}


   Skills:
 + Level 2.5 Fighting
 + Level 2.4 Maces & Flails
 + Level 1.5 Throwing
 + Level 1.2 Armour
 + Level 2.1 Dodging
 + Level 2.0 Stealth
 + Level 2.3 Spellcasting
   Level 3.0 Translocations


You had 7 spell levels left.
You didn't know any spells.
Your spell library contained the following spells:

 Spells                   Type           Power        Failure   Level  Hunger
 Blink                    Tloc           N/A          1%          2    ##.....
 Shroud of Golubria       Chrm/Tloc      ###...       2%          2    ##.....
 Gell's Gravitas          Tloc           ###.......   2%          3    ###....
 Lesser Beckoning         Tloc           ###.......   2%          3    ###....
 Teleport Other           Tloc           ###.....     2%          3    ###....
 Passage of Golubria      Tloc           N/A          7%          4    #####..


Dungeon Overview and Level Annotations

Branches:
Dungeon (2/15)

Altars:

Annotations:
D:2 Sigmund


Innate Abilities, Weirdness & Mutations

You cannot wear boots.
Your serpentine skin is tough. (AC +1)
You have supernaturally acute eyesight. (SInv)
Armour fits poorly on your strangely shaped body.
Your system is resistant to poisons. (rPois)
You cover ground very slowly.
You have a slow metabolism.
You can spit poison.


Message History

There is an open door here.
Aim: Sigmund, wielding a +0 scythe and wearing a +0 robe The splash of poison misses Sigmund.
You feel slightly more hungry. Sigmund barely misses you.
You hit Sigmund but do no damage. Sigmund hits you with a +0 scythe.
You hit Sigmund. You hit Sigmund. Sigmund hits you with a +0 scythe.
You closely miss Sigmund. Sigmund hits you with a +0 scythe.
You hit Sigmund.
You have got your breath back.
Sigmund barely misses you.
You hit Sigmund. Sigmund hits you with a +0 scythe!
* * * LOW HITPOINT WARNING * * *
It was a potion of brilliance.
You feel clever all of a sudden.
Sigmund laughs darkly.
Sigmund hits you with a +0 scythe.
* * * LOW HITPOINT WARNING * * *
Throwing (i - inventory)
f - 5 boomerangs of dispersal (quivered)
{!f!f}
Aim: Sigmund, wielding a +0 scythe and wearing a +0 robe (heavily wounded) Really fire
f - 5 boomerangs of dispersal {!f!f}?
You throw a boomerang of dispersal {!f!f}.
The boomerang of dispersal {!f!f} closely misses Sigmund.
Throwing (i - inventory)
f - 4 boomerangs of dispersal (quivered)
{!f!f}
Aim: Sigmund, wielding a +0 scythe and wearing a +0 robe (heavily wounded) Really fire
f - 4 boomerangs of dispersal {!f!f}?
You throw a boomerang of dispersal {!f!f}.
The boomerang of dispersal {!f!f} hits Sigmund.
Sigmund blinks!
The giant cockroach bites you but does no damage.
You are too injured to fight recklessly!
You closely miss the giant cockroach.
The giant cockroach bites you but does no damage.
You hit the giant cockroach. The giant cockroach bites you.
* * * LOW HITPOINT WARNING * * *
Sigmund gestures wildly while chanting.
Sigmund flickers and vanishes for a moment.
The giant cockroach bites you but does no damage.
The giant cockroach bites you.
* * * LOW HITPOINT WARNING * * *
You closely miss the giant cockroach. The giant cockroach closely misses you.
The giant cockroach bites you but does no damage.
You see here a +0 club.
The giant cockroach closely misses you. Sigmund barely misses you.
The giant cockroach closely misses you. The giant cockroach closely misses you.
The giant cockroach closely misses you.
Sigmund hits you from afar with a +0 scythe!
You die...

#### #### # ... ....
#...# .... .# ####
#.#.###......######.#.
##... # #>.....@...
........#. #....
#...##'##########......#
#....
#.......)...@s.##......#
#....
...........####@##......#
#.### ...........#
#.#.......####.##.
..#####....#
#.#......##....♣♣.
..#.P.#....#
#..............♣♣≈
..#..P#.....
###.##.######.♣♣♣)
..#..P#..##..
####.<...##♣♣ P≈
.#####..# ..# #..##.♣ ♣P≈
#..# ♣≈. #..# ≈≈≈


You could see Sigmund (invisible) and a giant cockroach.

Vanquished Creatures
  2 adders (D:2)
  An ooze (D:1)
  A leopard gecko (D:1)
  6 bats
  2 giant cockroaches
  11 goblins
  8 hobgoblins
  6 kobolds
  A quokka (D:2)
  2 frilled lizards
  A leopard gecko skeleton (D:2)
  7 rats
48 creatures vanquished.

Notes
Turn   | Place    | Note
-------+----------+-------------------------------------------
     0 | D:1      | Dwingvatt99 the Naga Warper began the quest for the Orb.
     0 | D:1      | Reached XP level 1. HP: 19/19 MP: 3/3
    13 | D:1      | Reached skill level 1 in Throwing
    87 | D:1      | Reached XP level 2. HP: 12/26 MP: 5/5
   283 | D:1      | Reached skill level 1 in Armour
   586 | D:1      | Reached skill level 1 in Stealth
   742 | D:1      | Reached XP level 3. HP: 31/32 MP: 6/6
  2011 | D:2      | Reached XP level 4. HP: 40/40 MP: 7/7
  2400 | D:2      | Noticed Sigmund
  2421 | D:2      | Slain by Sigmund

Levels and vault maps discovered:
D:1:      lightli_arrival_boilingwater, layout_loops_corners,
          minmay_tetromino_t4
D:2:      layout_basic, serial_aquarium, aquarium_bridge_island_small
          [aquarium_subvault_small_water, aquarium_subvault_bridge,
          aquarium_subvault_window, aquarium_subvault_bridge,
          aquarium_subvault_balcony], aquarium_window_1, aquarium_window_fake,
          aquarium_view_2e, aquarium_pool_2, serial_bayou_crossing, uniq_sigmund

Skill      XL: |  1  2  3  4 |
---------------+-------------+-----
Throwing       | 1 |  1.5
Armour         | 1 |  1.2
Stealth        | 1 2 |  2.0
Dodging        | 2 |  2.1
Fighting       | |  2.5
Maces & Flails | |  2.4
Spellcasting   | |  2.3
Translocations | |  3.0

Action                   |  1- 3 |  4- 6 || total
-------------------------+-------+-------++-------
Melee: Mace              |   104 |    45 ||   149
Throw: Boomerang         |       |     2 ||     2
 Abil: Spit Poison       |     6 |     6 ||    12
  Use: Potion            |       |     1 ||     1
 Stab: Sleeping          |     4 |       ||     4
  Eat: Chunk             |     2 |     1 ||     3
Armor: Leather armour    |    38 |    21 ||    59
Dodge: Dodged            |    58 |    44 ||   102
